Workbook

Sheet ESTUDIO DE MERCADO
A1: UNIVERSIDAD COLEGIO MAYOR DE CUNDINAMARCA
A2: ESTUDIO DE MERCADO
A3: CALCULO VALORES APROXIMADOS DE PRIMA
A5: VIGENCIA DESDE 00:00 HORAS | B5: 43891
A6: VIGENCIA HASTA 00:00 HORAS | B6: =B5+B7 -> 44256 | E6: PRESUPUESTO:
A7: DIAS DE COBERTURA | B7: 365
A9: RAMO | B9: VALOR ASEGURADO | C9: VALOR ASEGURADO INDICE VARIABLE | D9: TIPO TASA | E9: TASA ANUAL | F9: TASA IND. VAR. | G9: PRIMA ANUAL | H9: PRIMA IND. VAR. ANUAL | I9: PRIMA PERIODO | J9: PRIMA IND. VAR. PERIODO | K9: SUBTOTAL | L9: IVA | M9: TOTAL
A10: TODO RIESGO DAÑOS MATERIALES
A11: EDIFICIOS | B11: ='ANEXO 1_ RELACION DE BIENES'!D16 -> 2.6905899e+10 | C11: =B11*5/100 -> 1.3452949e+09 | D11: %o | E11: ='TASAS PROMEDIO'!F7 -> 1.301 | F11: =+E11/2 -> 0.6505 | G11: =+B11*E11/1000 -> 35004574 | H11: =+C11*F11/1000 -> 875114.36 | I11: =+(G11/365)*$B$7 -> 35004574 | J11: =+H11/365*$B$7 -> 875114.36 | K11: =+I11+H11 -> 35879689 | L11: =+K11*0.19 -> 6817140.8 | M11: =+K11+L11 -> 42696829
A12: BIENES DE CULTO | B12: 404689.36 | C12: 0 | D12: %o | E12: ='TASAS PROMEDIO'!F7 -> 1.301 | F12: =+E12/2 -> 0.6505 | G12: =+B12*E12/1000 -> 526.50086 | H12: =+C12*F12/1000 -> 0 | I12: =+(G12/365)*$B$7 -> 526.50086 | J12: =+H12/365*$B$7 -> 0 | K12: =+I12+H12 -> 526.50086 | L12: =+K12*0.19 -> 100.03516 | M12: =+K12+L12 -> 626.53602
A13: MAQUINARIA INDUSTRIAL | B13: 9171672.7 | C13: =B13*5/100 -> 458583.63 | D13: %o | E13: ='TASAS PROMEDIO'!F7 -> 1.301 | F13: =+E13/2 -> 0.6505 | G13: =+B13*E13/1000 -> 11932.346 | H13: =+C13*F13/1000 -> 298.30865 | I13: =+(G13/365)*$B$7 -> 11932.346 | J13: =+H13/365*$B$7 -> 298.30865 | K13: =+I13+H13 -> 12230.655 | L13: =+K13*0.19 -> 2323.8244 | M13: =+K13+L13 -> 14554.479
A14: EQUIPOS PARA COMEDOR, COCINA Y DESPENSA | B14: 72109402 | C14: 0 | D14: %o | E14: ='TASAS PROMEDIO'!F7 -> 1.301 | F14: =+E14/2 -> 0.6505 | G14: =+B14*E14/1000 -> 93814.332 | H14: =+C14*F14/1000 -> 0 | I14: =+(G14/365)*$B$7 -> 93814.332 | J14: =+H14/365*$B$7 -> 0 | K14: =+I14+H14 -> 93814.332 | L14: =+K14*0.19 -> 17824.723 | M14: =+K14+L14 -> 111639.05
A15: EQUIPOS DE COMUNICACIÓN | B15: 2.7230649e+08 | C15: 0 | D15: %o | E15: ='TASAS PROMEDIO'!F7 -> 1.301 | F15: =+E15/2 -> 0.6505 | G15: =+B15*E15/1000 -> 354270.74 | H15: =+C15*F15/1000 -> 0 | I15: =+(G15/365)*$B$7 -> 354270.74 | J15: =+H15/365*$B$7 -> 0 | K15: =+I15+H15 -> 354270.74 | L15: =+K15*0.19 -> 67311.441 | M15: =+K15+L15 -> 421582.18
A16: EQUIPOS DE CONSTRUCCIÓN | B16: 30800989 | C16: 0 | D16: %o | E16: ='TASAS PROMEDIO'!F7 -> 1.301 | F16: =+E16/2 -> 0.6505 | G16: =+B16*E16/1000 -> 40072.087 | H16: =+C16*F16/1000 -> 0 | I16: =+(G16/365)*$B$7 -> 40072.087 | J16: =+H16/365*$B$7 -> 0 | K16: =+I16+H16 -> 40072.087 | L16: =+K16*0.19 -> 7613.6965 | M16: =+K16+L16 -> 47685.783
A17: EQUIPO DE RECREACIÓN Y DEPORTE | B17: 41071160 | C17: 0 | D17: %o | E17: ='TASAS PROMEDIO'!F7 -> 1.301 | F17: =+E17/2 -> 0.6505 | G17: =+B17*E17/1000 -> 53433.579 | H17: =+C17*F17/1000 -> 0 | I17: =+(G17/365)*$B$7 -> 53433.579 | J17: =+H17/365*$B$7 -> 0 | K17: =+I17+H17 -> 53433.579 | L17: =+K17*0.19 -> 10152.38 | M17: =+K17+L17 -> 63585.959
A18: EQUIPO DE LABORATORIO | B18: 1.0304696e+09 | C18: 0 | D18: %o | E18: ='TASAS PROMEDIO'!F7 -> 1.301 | F18: =+E18/2 -> 0.6505 | G18: =+B18*E18/1000 -> 1340641 | H18: =+C18*F18/1000 -> 0 | I18: =+(G18/365)*$B$7 -> 1340641 | J18: =+H18/365*$B$7 -> 0 | K18: =+I18+H18 -> 1340641 | L18: =+K18*0.19 -> 254721.79 | M18: =+K18+L18 -> 1595362.8
A19: EQUIPO DE APOYO DIAGNÓSTICO | B19: 16976953 | C19: 0 | D19: %o | E19: ='TASAS PROMEDIO'!F7 -> 1.301 | F19: =+E19/2 -> 0.6505 | G19: =+B19*E19/1000 -> 22087.015 | H19: =+C19*F19/1000 -> 0 | I19: =+(G19/365)*$B$7 -> 22087.015 | J19: =+H19/365*$B$7 -> 0 | K19: =+I19+H19 -> 22087.015 | L19: =+K19*0.19 -> 4196.5329 | M19: =+K19+L19 -> 26283.548
A20: EQUIPO Y MAQUINARIA DE OFICINA | B20: 34272103 | C20: 0 | D20: %o | E20: ='TASAS PROMEDIO'!F7 -> 1.301 | F20: =+E20/2 -> 0.6505 | G20: =+B20*E20/1000 -> 44588.006 | H20: =+C20*F20/1000 -> 0 | I20: =+(G20/365)*$B$7 -> 44588.006 | J20: =+H20/365*$B$7 -> 0 | K20: =+I20+H20 -> 44588.006 | L20: =+K20*0.19 -> 8471.7212 | M20: =+K20+L20 -> 53059.727
A21: HERRAMIENTAS Y ACCESORIOS | B21: 3702525.4 | C21: 0 | D21: %o | E21: ='TASAS PROMEDIO'!F7 -> 1.301 | F21: =+E21/2 -> 0.6505 | G21: =+B21*E21/1000 -> 4816.9855 | H21: =+C21*F21/1000 -> 0 | I21: =+(G21/365)*$B$7 -> 4816.9855 | J21: =+H21/365*$B$7 -> 0 | K21: =+I21+H21 -> 4816.9855 | L21: =+K21*0.19 -> 915.22725 | M21: =+K21+L21 -> 5732.2128
A22: EQUIPOS DE TRANSPORTE, TRACCIÒN Y ELEVACIÒN | B22: 3450880.9 | C22: 0 | D22: %o | E22: ='TASAS PROMEDIO'!F7 -> 1.301 | F22: =+E22/2 -> 0.6505 | G22: =+B22*E22/1000 -> 4489.596 | H22: =+C22*F22/1000 -> 0 | I22: =+(G22/365)*$B$7 -> 4489.596 | J22: =+H22/365*$B$7 -> 0 | K22: =+I22+H22 -> 4489.596 | L22: =+K22*0.19 -> 853.02324 | M22: =+K22+L22 -> 5342.6192
A23: EQUIPO DE MÚSICA | B23: 47450333 | C23: 0 | D23: %o | E23: ='TASAS PROMEDIO'!F7 -> 1.301 | F23: =+E23/2 -> 0.6505 | G23: =+B23*E23/1000 -> 61732.883 | H23: =+C23*F23/1000 -> 0 | I23: =+(G23/365)*$B$7 -> 61732.883 | J23: =+H23/365*$B$7 -> 0 | K23: =+I23+H23 -> 61732.883 | L23: =+K23*0.19 -> 11729.248 | M23: =+K23+L23 -> 73462.131
A24: LIBROS Y PUBLICACIONES | B24: 2136560884 | C24: 0 | D24: %o | E24: ='TASAS PROMEDIO'!F7 -> 1.301 | F24: =+E24/2 -> 0.6505 | G24: =+B24*E24/1000 -> 2779665.7 | H24: =+C24*F24/1000 -> 0 | I24: =+(G24/365)*$B$7 -> 2779665.7 | J24: =+H24/365*$B$7 -> 0 | K24: =+I24+H24 -> 2779665.7 | L24: =+K24*0.19 -> 528136.48 | M24: =+K24+L24 -> 3307802.2
A25: MUEBLES Y ENSERES | B25: 1.0493867e+09 | C25: 0 | D25: %o | E25: ='TASAS PROMEDIO'!F7 -> 1.301 | F25: =+E25/2 -> 0.6505 | G25: =+B25*E25/1000 -> 1365252.1 | H25: =+C25*F25/1000 -> 0 | I25: =+(G25/365)*$B$7 -> 1365252.1 | J25: =+H25/365*$B$7 -> 0 | K25: =+I25+H25 -> 1365252.1 | L25: =+K25*0.19 -> 259397.9 | M25: =+K25+L25 -> 1624650
A26: ESCULTURAS Y OBRAS DE ARTE | B26: ='ANEXO 1_ RELACION DE BIENES'!D29 -> 5384804.4 | C26: 0 | D26: %o | E26: ='TASAS PROMEDIO'!F7 -> 1.301 | F26: =+E26/2 -> 0.6505 | G26: =+B26*E26/1000 -> 7005.6305 | H26: =+C26*F26/1000 -> 0 | I26: =+(G26/365)*$B$7 -> 7005.6305 | J26: =+H26/365*$B$7 -> 0 | K26: =+I26+H26 -> 7005.6305 | L26: =+K26*0.19 -> 1331.0698 | M26: =+K26+L26 -> 8336.7003
A27: EQUIPO DE COMPUTACIÓN | B27: 1.1800211e+09 | C27: 0 | D27: %o | E27: ='TASAS PROMEDIO'!F7 -> 1.301 | F27: =+E27/2 -> 0.6505 | G27: =+B27*E27/1000 -> 1535207.5 | H27: =+C27*F27/1000 -> 0 | I27: =+(G27/365)*$B$7 -> 1535207.5 | J27: =+H27/365*$B$7 -> 0 | K27: =+I27+H27 -> 1535207.5 | L27: =+K27*0.19 -> 291689.42 | M27: =+K27+L27 -> 1826896.9
A28: SOFTWARE Y LICENCIAS | B28: 112645514 | C28: 0 | D28: %o | E28: ='TASAS PROMEDIO'!F7 -> 1.301 | F28: =+E28/2 -> 0.6505 | G28: =+B28*E28/1000 -> 146551.81 | H28: =+C28*F28/1000 -> 0 | I28: =+(G28/365)*$B$7 -> 146551.81 | J28: =+H28/365*$B$7 -> 0 | K28: =+I28+H28 -> 146551.81 | L28: =+K28*0.19 -> 27844.845 | M28: =+K28+L28 -> 174396.66
A29: LINEAS Y CABLES DE TRANSMISIÓN | B29: 60947947 | C29: 0 | D29: %o | E29: ='TASAS PROMEDIO'!F7 -> 1.301 | F29: =+E29/2 -> 0.6505 | G29: =+B29*E29/1000 -> 79293.28 | H29: =+C29*F29/1000 -> 0 | I29: =+(G29/365)*$B$7 -> 79293.28 | J29: =+H29/365*$B$7 -> 0 | K29: =+I29+H29 -> 79293.28 | L29: =+K29*0.19 -> 15065.723 | M29: =+K29+L29 -> 94359.003
A30: ADECUACIONES NORMAS SISMO RESISTENTES (10%) | B30: =+B11*0.1 -> 2.6905899e+09 | C30: 0 | D30: %o | E30: ='TASAS PROMEDIO'!F7 -> 1.301 | F30: =+E30/2 -> 0.6505 | G30: =+B30*E30/1000 -> 3500457.4 | H30: =+C30*F30/1000 -> 0 | I30: =+(G30/365)*$B$7 -> 3500457.4 | J30: =+H30/365*$B$7 -> 0 | K30: =+I30+H30 -> 3500457.4 | L30: =+K30*0.19 -> 665086.91 | M30: =+K30+L30 -> 4165544.3
A31: COBERTURA PARA ADECUACION DE TERRENOS (10%) | B31: =+B30 -> 2.6905899e+09 | C31: 0 | D31: %o | E31: ='TASAS PROMEDIO'!F7 -> 1.301 | F31: =+E31/2 -> 0.6505 | G31: =+B31*E31/1000 -> 3500457.4 | H31: =+C31*F31/1000 -> 0 | I31: =+(G31/365)*$B$7 -> 3500457.4 | J31: =+H31/365*$B$7 -> 0 | K31: =+I31+H31 -> 3500457.4 | L31: =+K31*0.19 -> 665086.91 | M31: =+K31+L31 -> 4165544.3
A32: TODO RIESGO DAÑOS MATERIALES (TASA %o) | B32: =SUM(B11:B31) -> 3.8394212e+10 | C32: =SUM(C11:C31) -> 1.3457535e+09 | G32: =SUM(G11:G31) -> 49950870 | H32: =SUM(H11:H31) -> 875412.67 | I32: =SUM(I11:I31) -> 49950870 | J32: =SUM(J11:J31) -> 875412.67 | K32: =SUM(K11:K31) -> 50826283 | L32: =SUM(L11:L31) -> 9656993.7 | M32: =SUM(M11:M31) -> 60483277
A33: TRANSPORTE DE VALORES | B33: 10000000 | D33: % | E33: ='TASAS PROMEDIO'!F11 -> 0.46333333 | G33: =+B33*E33/100 -> 46333.333 | I33: =+(G33/365)*$B$7 -> 46333.333 | J33: =+H33/365*$B$7 -> 0 | K33: =+I33+J33 -> 46333.333 | L33: =+K33*0.19 -> 8803.3333 | M33: =+K33+L33 -> 55136.667
A34: MANEJO GLOBAL ENTIDADES ESTATALES | B34: 200000000 | D34: % | E34: ='TASAS PROMEDIO'!F15 -> 2.875 | G34: =+B34*E34/100 -> 5750000 | I34: =+(G34/365)*$B$7 -> 5750000 | J34: =+H34/365*$B$7 -> 0 | K34: =+I34+J34 -> 5750000 | L34: =+K34*0.19 -> 1092500 | M34: =+K34+L34 -> 6842500
A35: RESPONSABILIDAD CIVIL EXTRACONTRACTUAL | B35: 400000000 | D35: % | E35: ='TASAS PROMEDIO'!F19 -> 0.588225 | G35: =+B35*E35/100 -> 2352900 | I35: =+(G35/365)*$B$7 -> 2352900 | J35: =+H35/365*$B$7 -> 0 | K35: =+I35+J35 -> 2352900 | L35: =+K35*0.19 -> 447051 | M35: =+K35+L35 -> 2799951
A36: RESPONSABILIDAD CIVIL SERVIDORES PUBLICOS | B36: 500000000 | D36: % | E36: ='TASAS PROMEDIO'!F23 -> 12.844 | G36: =+B36*E36/100 -> 64220000 | I36: =+(G36/365)*$B$7 -> 64220000 | J36: =+H36/365*$B$7 -> 0 | K36: =+I36+J36 -> 64220000 | L36: =+K36*0.19 -> 12201800 | M36: =+K36+L36 -> 76421800
A37: RESPONSABILIDAD CIVIL PROFESIONAL | B37: 195310500 | D37: % | E37: ='TASAS PROMEDIO'!F28 -> 6.6208333 | G37: =+B37*E37/100 -> 12931183 | I37: =+(G37/365)*$B$7 -> 12931183 | J37: =+H37/365*$B$7 -> 0 | K37: =+I37+J37 -> 12931183 | L37: =+K37*0.19 -> 2456924.7 | M37: =+K37+L37 -> 15388107
A38: VALOR RESERVA PARA FUTURAS MODIFICACIONES | M38: 540583
M40: =SUM(M32:M39) -> 1.6253135e+08
A41: NOTAS:
A42: 1. TODO RIESGO DAÑOS MATERIALES: INDICE VARIABLE SE APLICA UN 5%.
A43: 2. MANEJO GLOBAL: 241 CARGOS DE PLANTA QUE REALIZAN FUNCIONES PROPIAS DE LA MISIÓN INSTITUCIONAL DE LA ENTIDAD
A44: 3. PARA ADECUACION DE CONSTRUCCIONES A NORMAS DE SISMORESISTENCIA EL VALOR/LIMITE ASEGURADO ES DE 10% DEL VALOR DE LAS EDIFICACIONES
A45: 5. RESPONSABILIDAD CIVIL SERVIDORES PUBLICOS:
A46: Oferta Básica: $500.000.000 evento / vigencia
A47: Gastos de Defensa:
A48: $15.000.000 por evento
A49: $30.000.000 vigencia
A50: $100.000.000 por vigencia para todos los eventos
A51: Sin limitarse la cobertura por etapas del proceso. El sublimite para gastos de defensa forma parte del valor asegurado y no en adición a este
A52: 6. RESPONSABILIDAD CIVIL SERVIDORES PUBLICOS: Se incluyen en el estudio de mercado entidades adjudicadas en el último trimestre de 2019
... A55: 9. RESPONSABILIDAD CIVIL PROFESIONAL: 180 estudiantes y docentes

Sheet ANEXO 1_ RELACION DE BIENES
A1: ='ESTUDIO DE MERCADO'!A1:M1 -> UNIVERSIDAD COLEGIO MAYOR DE CUNDINAMARCA
A2: ANEXO No. 1 - RELACIÓN BIENES Y VALORES ASEGURADOS TRDM
A4: TODO RIESGO DAÑOS MATERIALES
A6: EDIFICIOS Y MEJORAS LOCATIVAS
A8: 0024490 | B8: EDIFICACIONES SEDE PRINCIPAL. CLLE 28 6-02 | C8: 237001001 | D8: 1.5458826e+10
A9: 0024491 | B9: EDIFICIO CRA. 20 37-53 SEDE DOS | C9: 237002001 | D9: 773000000
A10: 0024492 | B10: EDIFICIO CALLE 34 6- /34/40 SEDE TRES. | C10: 237003001 | D10: 1930050000
A11: 0024494 | B11: EDIFICIO DIAG. 34 5-45/51 SEDE CUATRO. | C11: 237004001 | D11: 2175880000
A12: 0024495 | B12: EDIFICIO CRA. 6 27-80 SEDE CINCO. | C12: 237005001 | D12: 49950000
A13: 000031733 | B13: CASA DIAGONAL 34 No. 5-63 SEDE 7 | C13: 237006002 | D13: 1.6346009e+09
A14: 000031958 | B14: CASA DIAGINAL 34 No 5-71 sede 8 | C14: 237006003 | D14: 844350000
A15: 000041121 | B15: EDIFICACIÓN CENTRO VACACIONAL PLENOSOL MUNICIPIO RICAURTE (CUNDINAMARCA) KM 1.5 VIA GIRARDOT BOGOTA | C15: 237006004 | D15: 4039242043
D16: =SUM(D8:D15) -> 2.6905899e+10
A19: ESCULTURAS Y OBRAS DE ARTE
A21: 000025787 | B21: ESCULTURA JOVEN CON EL ESCUDO DE LA UNIVERSIDAD TALLADA EN PIEDRA. | C21: 221001001 | D21: 325004.4
A22: 000025830 | B22: ESCULTURA "CRISTEL" EN BRONCE A LA CERA PERDIDA | C22: 221001002 | D22: 2700000
A23: 000025829 | B23: ESCULTURA "MATERNIDAD" EN ARCILLA COCIDA. | C23: 221001003 | D23: 540000
A24: 000025827 | B24: TAPIZ COLOQUIO EN ROJOS "TAPICERIA MODULAR" | C24: 221002001 | D24: 1080000
A25: 000025825 | B25: CUADRO "MIRANDO AL FUTURO" | C25: 221003001 | D25: 135000
A26: 000025826 | B26: CUADRO "TIMIDEZ" | C26: 221003002 | D26: 135000
A27: 000025828 | B27: CUADRO "EUCALIPTO PLATEADO" (SELLOS DE PAPA SOBRE TELA) | C27: 221003003 | D27: 405000
A28: 000029003 | B28: TAPIZ - KERO DE LA CULTURA | C28: 221003006 | D28: 64800
D29: =SUM(D21:D28) -> 5384804.4

Sheet TASAS PROMEDIO
A1: ='ESTUDIO DE MERCADO'!A1:M1 -> UNIVERSIDAD COLEGIO MAYOR DE CUNDINAMARCA
A2: ESTUDIO DE MERCADO
A3: DETERMINACION TASAS PROMEDIO
A5: ENTIDAD | B5: RAMO | C5: TASAS | D5: PROMEDIO TASAS
D6: PROMERIO TASA MERCADO (A) | E6: TASA ENTIDAD ACTUAL (B) | F6: TASA PARA ESTUDIO DE MERCADO | G6: TIPO DE TASA % - %o
A7: UNIVERSIDAD COLEGIO MAYOR DE CUNDINAMARCA | B7: Todo Riesgo Daños Materiales | C7: 1.25 | D7: =+AVERAGE(C7:C10) -> 1.301 | E7: =C7 -> 1.25 | F7: =D7 -> 1.301 | G7: %o
A8: UNIVERSIDAD INDUSTRIAL DE SANTANDER | C8: 1.254
A9: ESAP | C9: 1.4
A10: INSTITUTO PARA LA INVESTIGACION EDUCATIVA Y EL DESARROLLO PEDAGOGICO - IDEP | C10: 1.3
A11: UNIVERSIDAD COLEGIO MAYOR DE CUNDINAMARCA | B11: Transporte de Valores | C11: 0.9 | D11: =SUM(C11+C12+C14)/3 -> 0.46333333 | E11: =C11 -> 0.9 | F11: =D11 -> 0.46333333 | G11: %
A12: UNIVERSIDAD INDUSTRIAL DE SANTANDER | C12: 0.35
A13: ESAP
A14: INSTITUTO PARA LA INVESTIGACION EDUCATIVA Y EL DESARROLLO PEDAGOGICO - IDEP | C14: 0.14
A15: UNIVERSIDAD COLEGIO MAYOR DE CUNDINAMARCA | B15: Manejo Global Entidades Estatales | C15: 2 | D15: =+AVERAGE(C15:C18) -> 2.875 | E15: =C15 -> 2 | F15: =D15 -> 2.875 | G15: %
A16: UNIVERSIDAD INDUSTRIAL DE SANTANDER | C16: 3.5
A17: ESAP | C17: 3
A18: INSTITUTO PARA LA INVESTIGACION EDUCATIVA Y EL DESARROLLO PEDAGOGICO - IDEP | C18: 3
A19: UNIVERSIDAD COLEGIO MAYOR DE CUNDINAMARCA | B19: Responsabilidad Civil Extracontractual | C19: 0.2 | D19: =+AVERAGE(C19:C22) -> 0.53475 | E19: =C19 -> 0.2 | F19: =D19*1.1 -> 0.588225 | G19: %
A20: UNIVERSIDAD INDUSTRIAL DE SANTANDER | C20: 1.389
A21: ESAP | C21: 0.3
A22: INSTITUTO PARA LA INVESTIGACION EDUCATIVA Y EL DESARROLLO PEDAGOGICO - IDEP | C22: 0.25
A23: UNIVERSIDAD COLEGIO MAYOR DE CUNDINAMARCA | B23: Responsabilidad Civil Servidores Públicos | C23: 2.43 | D23: =+AVERAGE(C23:C27) -> 12.844 | E23: =C23 -> 2.43 | F23: =D23 -> 12.844 | G23: %
A24: SUPERINTENDENCIA DE TRANSPORTE | C24: 12.8
A25: JUNTA CENTRAL DE CONTADORES | C25: 13.8
A26: SECRETARÍA DISTRITAL DE PLANEACIÓN | C26: 12.85
A27: FONDO FINANCIERO DISTIRAL DE SALUD | C27: 22.34
A28: UNIVERSIDAD COLEGIO MAYOR DE CUNDINAMARCA | B28: Responsabilidad Civil Profesional | C28: 4.86 | D28: =+AVERAGE(C28:C31)*1.25 -> 6.6208333 | E28: =C28 -> 4.86 | F28: =D28 -> 6.6208333 | G28: %
A29: UNIVERSIDAD INDUSTRIAL DE SANTANDER | C29: 5
A30: ESAP
A31: UNIVERSIDAD NACIONAL DE COLOMBIA | C31: 6.03

Sheet ANEXO 1_RELACION DE BIENES TRDM
A1: ='ESTUDIO DE MERCADO'!A1:M1 -> UNIVERSIDAD COLEGIO MAYOR DE CUNDINAMARCA
A2: ANEXO No. 1 - RELACIÓN BIENES Y VALORES ASEGURADOS TRDM
A5: BIENES DE CULTO
A6: PLACA FÍSICA | B6: PLACA PPE | C6: DESCRIPCIÓN DEL ELEMENTO | D6: CÓDIGO CLASE | E6: VALOR NETO
A7: 18919 | B7: SI-013215 | C7: CAJA FUERTE (SAGRARIO) | D7: 203 | E7: 2500
A8: 18973 | B8: SI-013181 | C8: CUSTODIA (PLATA DORADA) | D8: 203 | E8: 2500
A9: 19025 | B9: SI-013156 | C9: HISOPO Y CANDELERO (JUEGO) | D9: 203 | E9: 2500
A10: 19026 | B10: SI-013155 | C10: INCENSARIO (JUEGO) | D10: 203 | E10: 2500
A11: 19085 | B11: SI-013122 | C11: RECLINATORIO EN MADERA Y CORDOBAN | D11: 203 | E11: 2500
A12: 19087 | B12: SI-013121 | C12: RECLINATORIO EN MADERA Y CORDOBAN | D12: 203 | E12: 2500
A13: 19088 | B13: SI-013120 | C13: RECLINATORIO EN MADERA Y CORDOBAN | D13: 203 | E13: 2500
A14: 19334 | B14: SI-013087 | C14: CRISTO CON CRUZ | D14: 203 | E14: 151689.36
A15: 22628 | B15: SI-012460 | C15: CALIZ (PLATA ) | D15: 203 | E15: 2500
A16: 22629 | B16: SI-012459 | C16: CAMPANA | D16: 203 | E16: 2500
A17: 22642 | B17: SI-012446 | C17: COPON (PLATA) | D17: 203 | E17: 2500
A18: 22643 | B18: SI-012445 | C18: COPON (PLATA) | D18: 203 | E18: 2500
... A22: 28996 | B22: SI-009370 | C22: CRISTO CON CRUZ | D22: 203 | E22: 126000
E24: =SUM(E7:E22) -> 404689.36
A26: MAQUINARIA INDUSTRIAL
A27: PLACA FÍSICA | B27: PLACA PPE | C27: DESCRIPCIÓN DEL ELEMENTO | D27: CÓDIGO CLASE | E27: VALOR NETO
A28: 18345 | B28: SI-013487 | C28: FILETEADORA | D28: 204 | E28: 84146.77
A29: 18347 | B29: SI-013486 | C29: FILETEADORA | D29: 204 | E29: 58543.14
A30: 18413 | B30: SI-013464 | C30: MAQUINA DE COSER | D30: 204 | E30: 2500
A31: 18414 | B31: SI-013463 | C31: MAQUINA DE COSER | D31: 204 | E31: 2500
A32: 18415 | B32: SI-013462 | C32: MAQUINA DE COSER | D32: 204 | E32: 7887.47
A33: 18416 | B33: SI-013461 | C33: MAQUINA DE COSER | D33: 204 | E33: 7654.11
A34: 18417 | B34: SI-013460 | C34: MAQUINA DE COSER | D34: 204 | E34: 7654.11
A35: 18418 | B35: SI-013459 | C35: MAQUINA DE COSER | D35: 204 | E35: 7654.11
A36: 18419 | B36: SI-013458 | C36: MAQUINA DE COSER | D36: 204 | E36: 10524.41
A37: 18420 | B37: SI-013457 | C37: MAQUINA DE COSER | D37: 204 | E37: 43311.88
A38: 18421 | B38: SI-013456 | C38: MAQUINA DE COSER | D38: 204 | E38: 23225.54
A39: 18422 | B39: SI-013455 | C39: MAQUINA DE COSER | D39: 204 | E39: 23225.54
... A96: 65928 | B96: SI-046114 | C96: Máquina plana Industrial: Marca . | D96: 204 | E96: 1730795.7
E98: =SUM(E28:E96) -> 9171672.7
A100: EQUIPOS PARA COMEDOR, COCINA Y DESPENSA
A101: PLACA FÍSICA | B101: PLACA PPE | C101: DESCRIPCIÓN DEL ELEMENTO | D101: CÓDIGO CLASE | E101: VALOR NETO
A102: 17981 | B102: SI-013538 | C102: GRECA CAPACIDAD 60 TINTOS | D102: 206 | E102: 2500
A103: 18301 | B103: SI-013494 | C103: BATIDORA - AMASADORA | D103: 206 | E103: 116205.8
A104: 18314 | B104: SI-013492 | C104: ESTUFA INDUSTRIAL A GAS | D104: 206 | E104: 219602.1
A105: 18315 | B105: SI-013491 | C105: ESTUFA MODULAR A GAS CON 5 QUEMADORES | D105: 206 | E105: 2500
A106: 19443 | B106: SI-013048 | C106: NEVERA DE 9 PIES | D106: 206 | E106: 52045.71
A107: 20969 | B107: SI-012683 | C107: NEVERA | D107: 206 | E107: 37874.57
A108: 21192 | B108: SI-012653 | C108: COCINA INTEGRAL ACERO INOXIDABLE DE PISO Y PARED EN FORMICA,ESTUFA Y ESTRACTOR. | D108: 206 | E108: 93916.06
A109: 21347 | B109: SI-012618 | C109: NEVERA DE 12 PIES | D109: 206 | E109: 6222.86
A110: 23685 | B110: SI-011869 | C110: GRECA | D110: 206 | E110: 13860
A111: 24452 | B111: SI-011749 | C111: NEVERA MARCA ICASA MD ATF9DV | D111: 206 | E111: 82867.11
A112: 27973 | B112: SI-009812 | C112: BATIDORA ELECTRICA CASERA | D112: 206 | E112: 4952.97
A113: 27976 | B113: SI-009811 | C113: ESTUFA ELÉCTRICA DE DOS PUESTOS DE MESA | D113: 206 | E113: 9596.92
... A267: 66146 | B267: PL-000009 | C267: HORNOS MICRO ONDAS | D267: 206 | E267: 1344537
E269: =SUM(E102:E267) -> 72109402
A272: EQUIPOS DE COMUNICACIÓN
A273: 14107 | B273: SI-013931 | C273: TELEFONO EJECUTIVO | D273: 207 | E273: 14213.57
A274: 14198 | B274: SI-013921 | C274: TELEFONO EJECUTIVO | D274: 207 | E274: 10522.29
A275: 14227 | B275: SI-013919 | C275: TELEFONO | D275: 207 | E275: 11314.29
A276: 15776 | B276: SI-013668 | C276: TELEFONO | D276: 207 | E276: 11314.29
A277: 18320 | B277: SI-013489 | C277: EQUIPO DE SONIDO | D277: 207 | E277: 191605.77
A278: 18893 | B278: SI-013234 | C278: AMPLIFICADOR | D278: 207 | E278: 80581.66
A279: 19286 | B279: SI-013089 | C279: TELEFONO | D279: 207 | E279: 11314.29
A280: 19333 | B280: SI-013088 | C280: UNIDAD CENTRAL CON CAPACIDAD PARA 24 TRONCALES | D280: 207 | E280: 531249.49
A281: 19917 | B281: SI-013033 | C281: TELEFONO EJECUTIVO | D281: 207 | E281: 7602.35
A282: 19918 | B282: SI-013032 | C282: TELEFONO EJECUTIVO | D282: 207 | E282: 10522.29
A283: 19919 | B283: SI-013031 | C283: TELEFONO EJECUTIVO | D283: 207 | E283: 10522.29
A284: 19923 | B284: SI-013030 | C284: TELEFONO EJECUTIVO | D284: 207 | E284: 14991.43
... A925: 66161 | B925: PL-000024 | C925: TELEFONO CELULAR SAMSUNG J4 DS LTE. | D925: 207 | E925: 439883
E927: =SUM(E273:E925) -> 2.7230649e+08
A929: EQUIPOS DE CONSTRUCCIÓN
A930: PLACA FÍSICA | B930: PLACA PPE | C930: DESCRIPCIÓN DEL ELEMENTO | D930: CÓDIGO CLASE | E930: VALOR NETO
A931: 14137 | B931: SI-013927 | C931: EXTINTOR DE POLVO QUIMICO SECO | D931: 208 | E931: 2500
A932: 14628 | B932: SI-013867 | C932: ESCALERA DE ALUMINIO DE 5 NIVELES | D932: 208 | E932: 29530.82
A933: 14700 | B933: SI-013855 | C933: EXTINGUIDOR POLVO QUIMICO SECO | D933: 208 | E933: 2500
A934: 14701 | B934: SI-013854 | C934: EXTINGUIDOR POLVO QUIMICO SECO | D934: 208 | E934: 2500
A935: 14702 | B935: SI-013853 | C935: EXTINGUIDOR POLVO QUIMICO SECO | D935: 208 | E935: 2500
A936: 14703 | B936: SI-013852 | C936: EXTINGUIDOR POLVO QUIMICO SECO | D936: 208 | E936: 2500
A937: 14704 | B937: SI-013851 | C937: EXTINGUIDOR POLVO QUIMICO SECO | D937: 208 | E937: 2500
A938: 14709 | B938: SI-013850 | C938: EXTINGUIDOR POLVO QUIMICO SECO CAP. 150 LIBRAS | D938: 208 | E938: 8820
A939: 14711 | B939: SI-013849 | C939: EXTRACTOR | D939: 208 | E939: 4890.6
A940: 14712 | B940: SI-013848 | C940: EXTRACTOR DE AIRE | D940: 208 | E940: 17838
A941: 14713 | B941: SI-013847 | C941: EXTRACTOR DE AIRE | D941: 208 | E941: 17838
A942: 14714 | B942: SI-013846 | C942: EXTRACTOR DE AIRE | D942: 208 | E942: 17838
... A1126: 66147 | B1126: PL-000010 | C1126: MOTOSIERRA PROFESIONAL CON ESPADA DE 18". | D1126: 208 | E1126: 1725723.1
E1128: =SUM(E931:E1126) -> 30800989
A1131: EQUIPO DE RECREACIÓN Y DEPORTE
A1132: PLACA FÍSICA | B1132: PLACA PPE | C1132: DESCRIPCIÓN DEL ELEMENTO | D1132: CÓDIGO CLASE | E1132: VALOR NETO
A1133: 18975 | B1133: SI-013179 | C1133: DISCO AEROBICO EN ALUMINIO | D1133: 209 | E1133: 6364.29
A1134: 19189 | B1134: SI-013112 | C1134: TRAPECIO PROFESIONAL | D1134: 209 | E1134: 2827.86
A1135: 22616 | B1135: SI-012472 | C1135: BARRA EN HIERRO DE 35 CMS | D1135: 209 | E1135: 2500
A1136: 22617 | B1136: SI-012471 | C1136: BARRA EN HIERRO DE 35 CMS | D1136: 209 | E1136: 2500
A1137: 22618 | B1137: SI-012470 | C1137: BARRA EN HIERRO DE 35 CMS | D1137: 209 | E1137: 2500
A1138: 22619 | B1138: SI-012469 | C1138: BARRA EN HIERRO DE 35 CMS | D1138: 209 | E1138: 2500
A1139: 22620 | B1139: SI-012468 | C1139: BARRA EN HIERRO DE 35 CMS | D1139: 209 | E1139: 2500
A1140: 22621 | B1140: SI-012467 | C1140: BARRA EN HIERRO DE 35 CMS | D1140: 209 | E1140: 2500
A1141: 22622 | B1141: SI-012466 | C1141: BARRA EN HIERRO DE 35 CMS | D1141: 209 | E1141: 2500
A1142: 22623 | B1142: SI-012465 | C1142: BARRA EN HIERRO DE 35 CMS | D1142: 209 | E1142: 2500
A1143: 22624 | B1143: SI-012464 | C1143: BARRA EN HIERRO DE 35 CMS | D1143: 209 | E1143: 2500
A1144: 22625 | B1144: SI-012463 | C1144: BARRA EN HIERRO DE 35 CMS | D1144: 209 | E1144: 2500
... A1367: 66151 | B1367: PL-000014 | C1367: MESA DE PING PONG | D1367: 209 | E1367: 836280.96
E1369: =SUM(E1133:E1367) -> 41071160
A1372: EQUIPO DE LABORATORIO
A1373: PLACA FÍSICA | B1373: PLACA PPE | C1373: DESCRIPCIÓN DEL ELEMENTO | D1373: CÓDIGO CLASE | E1373: VALOR NETO
A1374: 1 | B1374: PL-000001 | C1374: SISTEMA AUTOMATIZADO PARA EL MONITOREO DE 21 PUNTOS DE TEMPERATURA AMBIENTAL Y A | D1374: 210 | E1374: 25660427
...
